 Dungeon Crawl Stone Soup version 0.30.1-11-g7821555f0a (webtiles) character file.

Game seed: 3614715006497751742

31546 Ivernyr the Stickfighter (level 13, -3/107 HPs)
             Began as a Formicid Fighter on Dec 13, 2023.
             Was a High Priest of Wu Jian.
             Slain by Rupert
             ... wielding a +2 great mace of protection
              (25 damage)
             ... on level 5 of the Lair of Beasts on Dec 14, 2023.
             The game lasted 00:51:23 (12336 turns).

Ivernyr the Stickfighter (Formicid Fighter)        Turns: 12336, Time: 00:51:23

Health: -3/107     AC: 13    Str: 23    XL:     13   Next: 97%
Magic:  13/13      EV:  8    Int:  9    God:    Wu Jian [*****.]
Gold:   2288       SH:  0    Dex: 20    Spells: 12/12 levels left

rFire   + . .        a - +6 quarterstaff of Doom {heavy, rF+}
rCold   + + .        n - +8 tower shield "Yrphutirr" {rF+ rN+}
rNeg    + + .        b - +0 scale mail
rPois   .            (helmet unavailable)
rElec   .            (no cloak)
rCorr   +            t - +0 pair of gloves of a bailey {rC+}
SInv    +            B - +0 pair of boots
Will    +....        K - amulet of regeneration Stlth
                     d - ring of positive energy
HPRegen 1.17/turn    u - ring of Otuckyhi {Ice rCorr Str-2 Dex+7 Slay+4}
MPRegen 0.13/turn

%: no passive effects
@: confused, studying Armour
A: permanent stasis, dig shafts and tunnels, antennae 3, four strong arms
a: Dig, Shaft Self, Renounce Religion, Wall Jump, Serpent's Lash, Heavenly Storm


You were on level 5 of the Lair of Beasts.
You worshipped Wu Jian.
Wu Jian was extremely pleased with you.
You visited 3 branches of the dungeon, and saw 14 of its levels.
You also visited: Ossuary and Volcano.

You collected 2406 gold pieces.
You spent 118 gold pieces at shops.

Inventory:

Hand Weapons
 a - the +6 quarterstaff of Doom (weapon) {heavy, rF+}
   (You found it on level 2 of the Dungeon)

   rF:        It protects you from fire.
Armour
 b - a +0 scale mail (worn)
 n - the +8 tower shield "Yrphutirr" (worn) {rF+ rN+}
   (You found it on level 2 of the Dungeon)

   rF:        It protects you from fire.
   rN:        It protects you from negative energy.
 t - the +0 pair of gloves of a bailey (worn) {rC+}
   (You found it on level 5 of the Dungeon)

   rC:        It protects you from cold.
 B - a +0 pair of boots (worn)
Jewellery
 d - a ring of positive energy (left hand)
 u - the ring of Otuckyhi (right hand) {Ice rCorr Str-2 Dex+7 Slay+4}
   (You took it off a gnoll on level 5 of the Dungeon)

   [ring of ice]

   It enhances your ice magic.
   Str:       It affects your strength (-2).
   Dex:       It affects your dexterity (+7).
   Slay:      It affects your accuracy & damage with ranged weapons and melee
   (+4).
   rF:        It makes you vulnerable to fire.
   rC:        It protects you from cold.
   rCorr:     It protects you from acid and corrosion.
 C - the ring "Cimuent" {Ice rElec rPois Str-3 Int+5}
   (You found it on level 4 of the Lair of Beasts)

   [ring of ice]

   It enhances your ice magic.
   Str:       It affects your strength (-3).
   Int:       It affects your intelligence (+5).
   rF:        It makes you vulnerable to fire.
   rC:        It protects you from cold.
   rElec:     It insulates you from electricity.
   rPois:     It protects you from poison.
 I - a ring of resist corrosion
 K - an amulet of regeneration (around neck)
Wands
 D - a wand of flame (45)
 F - a wand of mindburst (23)
 H - a wand of digging (5)
 J - a wand of quicksilver (4)
Scrolls
 l - 3 scrolls of enchant armour
 m - 7 scrolls of brand weapon
 q - a scroll of vulnerability
 r - a scroll of enchant weapon
 s - 2 scrolls of blinking
 v - 2 scrolls of fear
 y - 2 scrolls of identify
 G - 2 scrolls of immolation {unknown}
Potions
 c - 2 potions of ambrosia
 e - a potion of flight
 f - 3 potions of invisibility {unknown}
 g - 5 potions of brilliance
 h - 5 potions of lignification
 i - 2 potions of heal wounds {unknown}
 j - 8 potions of curing
 k - a potion of haste {unknown}
 o - 4 potions of cancellation {unknown}
 p - a potion of resistance
 w - a potion of degeneration
 x - 2 potions of mutation
 z - 4 potions of might
 A - a potion of berserk rage {unknown}
 E - 4 potions of attraction {unknown}


   Skills:
 + Level 11.8 Fighting
 * Level 17.2 Staves
 + Level 13.9 Armour
 + Level 13.8 Shields


You had 12 spell levels left.
You didn't know any spells.
Your spell library contained the following spells:

 Spells                   Type           Power      Damage    Failure   Level
 Magic Dart               Conj           0%         1d3       91%         1
 Sting                    Tmut/Pois      0%         1d3       91%         1
 Call Imp                 Summ           0%         N/A       97%         2
 Poisonous Vapours        Pois/Air       0%         N/A       97%         2
 Sublimation of Blood     Necr           0%         N/A       97%         2
 Wereblood                Tmut           0%         N/A       97%         2
 Call Canine Familiar     Summ           0%         N/A       100%        3
 Inner Flame              Hex/Fire       0%         N/A       100%        3
 Mephitic Cloud           Conj/Pois/Air  0%         N/A       100%        3
 Portal Projectile        Hex/Tloc       0%         N/A       100%        3
 Summon Guardian Golem    Hex/Summ       0%         N/A       100%        3
 Animate Armour           Summ/Erth      0%         N/A       100%        4
 Flame Wave               Conj/Fire      0%         2d4       100%        4
 Leda's Liquefaction      Hex/Erth       0%         N/A       100%        4
 Olgreb's Toxic Radiance  Pois           0%         N/A       100%        4
 Sticky Flame             Conj/Fire      0%         2d3       100%        4
 Arcjolt                  Conj/Air       0%         1d10      100%        5
 Blade Hands              Tmut           0%         N/A       100%        5
 Freezing Cloud           Conj/Ice/Air   0%         6-21      100%        5
 Iron Shot                Conj/Erth      0%         9d1       100%        6
 Simulacrum               Ice/Necr       0%         N/A       100%        6
 Orb of Destruction       Conj           0%         9d5       100%        7
 Ozocubu's Refrigeration  Ice            0%         4d7       100%        7
 Spellforged Servitor     Conj/Summ      0%         N/A       100%        7
 Summon Hydra             Summ           0%         N/A       100%        7
 Maxwell's Capacitive Co  Air            0%         ∞         100%        8
 Polar Vortex             Ice            0%         N/A       100%        9
 Vhi's Electric Charge    Tloc/Air       Unusable   N/A       N/A         3

Dungeon Overview and Level Annotations

Branches:
Dungeon (8/15)             Temple (1/1) D:6            Lair (5/5) D:8
 Shoals (0/4) Lair:2        Snake (0/4) Lair:3        Slime (0/5) Lair:4
Ossuary (visited)         Volcano (visited)

Altars:
Ashenzari
Cheibriados
Dithmenos
Fedhas
Hepliaklqana
Kikubaaqudgha
Nemelex Xobeh
Qazlal
Sif Muna
Trog
Vehumet
Wu Jian
Zin
The Shining One
Jiyva

Shops:
D:4 ?   D:6 !   D:7 :   D:8 (

Annotations:
Lair:5 Rupert


Innate Abilities, Weirdness & Mutations

You cannot be hasted, slowed, berserked, paralysed or teleported.
You can dig through walls and to a lower floor.
You have a pair of large antennae on your head. (SInv)
Your four strong arms can wield two-handed weapons with a shield.


Message History

You open the door.
There is an open door here.
Rupert the Wild comes into view.
He is wielding a +2 great mace of protection and wearing a +2 leather armour of poison resistance.
A yak comes into view.
The yak bellows!
Rupert yells loudly at you.
You are confused.
A yak comes into view.
Rupert yells loudly at you.
You are more confused.
You sock the plant!
The plant begins to die.
The plant is lightly damaged.
You're too confused to move!
Rupert roars wildly at you.
You are more confused.
You hear a bellow!
A yak comes into view.
You're too confused to move!
You're too confused to move!
A nearby plant withers and dies.
You're too confused to move!
Rupert roars madly and goes into a rage!
Rupert goes berserk!
You bump into the rock wall.
Rupert hits you with a +2 great mace of protection!
You bump into the rock wall.
Rupert misses you. Rupert closely misses you. The yak gores you.
There is an open door here.
You bump into the rock wall.
Rupert hits you with a +2 great mace of protection!
The yak gores you!
Rupert hits you with a +2 great mace of protection!
The yak attacks as you move away! The yak completely misses you.
Okay, then.
Rupert attacks as you move away!
Rupert hits you with a +2 great mace of protection!
Rupert hits you with a +2 great mace of protection!!
* * * LOW HITPOINT WARNING * * *
Rupert attacks as you move away!
Rupert hits you with a +2 great mace of protection!!
You die...

.... #...#......##.....P...
.....###.#........##.....P..
#....††##P.....##.........
##...#.###.....###....P...
.#......P##P.#.###.......+
..........##...###.........
............................
.......(....................
................@...........
.....##.........@.[.........
.... #....#...#Y##P........
.## #......#.#Y......#.###
#....##.....{.....##
......##.....P...##
#..........# ##..........#
#.####.#....#


You could see Rupert (berserk) and 2 yaks.

Vanquished Creatures
  Gastronok (D:8)
  A hydra (Lair:2)
  A catoblepas (Lair:4)
  A boulder beetle (Lair:4)
  5 death yaks
  3 skysharks
  Pikel (D:6)
  The ghost of rasy the Cleaver, a novice MiFi of Trog (D:5)
  A salamander (Lair:3)
  3 black mambas
  A torpor snail (Lair:4)
  Joseph (D:8)
  15 cane toads
  An unseen horror (D:8)
  2 kobold demonologists
  6 komodo dragons
  3 polar bears
  3 blink frogs (Lair:1)
  A snapping turtle (Lair:2)
  Prince Ribbit (D:8)
  3 dream sheep (Lair:3)
  A spriggan (Lair:2)
  5 wyverns
  26 yaks
  Eustachio (D:6)
  6 fire bats
  A basilisk (Lair:2)
  11 water moccasins
  Duvessa (D:5)
  2 black bears (D:5)
  A sky beast (D:7)
  2 ice beasts
  3 orc warriors
  2 ogres (D:4)
  16 wolves
  3 centaurs
  A lemure (D:6)
  2 phantoms
  An elf zombie (Ossuary)
  14 bullfrogs
  2 gnoll sergeants (D:5)
  4 scorpions
  7 wights (D:8)
  Dowan (D:5)
  4 electric eels (Lair:1)
  11 lava snakes
  2 centaur zombies (Ossuary)
  3 orc priests
  A hound (D:6)
  Crazy Yiuf (D:3)
  7 jellies
  3 gnoll boudas
  6 orc wizards
  2 iguanas
  4 hound zombies (Ossuary)
  3 mummies (Ossuary)
  Robin (D:2)
  12 gnolls
  6 adders
  A shadow imp (D:8)
  2 white imps (D:5)
  An ufetubus (D:5)
  2 worms (D:4)
  3 dart slugs
  22 orcs
  10 endoplasms
  2 giant cockroaches
  4 gnoll zombies (Ossuary)
  14 goblins
  13 hobgoblins
  6 kobolds
  3 quokkas
  7 ball pythons
  3 bats
  2 frilled lizards (D:2)
  5 goblin zombies (Ossuary)
  4 hobgoblin zombies (Ossuary)
  4 jackal zombies (Ossuary)
  2 kobold zombies (Ossuary)
  An orc zombie (Ossuary)
  5 quokka zombies (Ossuary)
  5 rats
  4 rat zombies (Ossuary)
359 creatures vanquished.

Notes
Turn   | Place    | Note
-------+----------+-------------------------------------------
     0 | D:1      | Ivernyr the Formicid Fighter began the quest for the Orb.
     0 | D:1      | Reached XP level 1. HP: 18/18 MP: 1/1
   250 | D:1      | Reached XP level 2. HP: 24/24 MP: 2/2
   787 | D:2      | Reached XP level 3. HP: 29/29 MP: 3/3
   807 | D:2      | Identified the +6 quarterstaff of Doom {heavy, rF+}
   897 | D:2      | Found a shimmering blue altar of Sif Muna.
  1051 | D:2      | Identified the +8 tower shield "Yrphutirr" {rF+ rN+}
  1123 | D:2      | Noticed Robin
  1157 | D:2      | Killed Robin
  1158 | D:2      | Reached skill level 3 in Staves
  1158 | D:2      | Reached XP level 4. HP: 23/25 MP: 4/4
  1796 | D:3      | Found a faded altar of an unknown god.
  2131 | D:3      | Found a glowing silver altar of Zin.
  2137 | D:3      | Reached XP level 5. HP: 38/39 MP: 5/5
  2147 | D:3      | Found a broken altar of Ashenzari.
  2414 | D:3      | Found a runed translucent door.
  2415 | D:3      | Noticed Crazy Yiuf
  2420 | D:3      | Killed Crazy Yiuf
  2460 | D:4      | Found Ycaxuk's Magic Scroll Emporium.
  2461 | D:4      | Noticed a water moccasin
  2471 | D:4      | Killed a water moccasin
  2472 | D:4      | Reached skill level 4 in Staves
  2472 | D:4      | Reached skill level 5 in Shields
  2472 | D:4      | Reached XP level 6. HP: 24/48 MP: 6/6
  2563 | D:4      | Bought a scroll of noise for 10 gold pieces
  2578 | D:4      | Noticed an ogre
  2709 | D:4      | Killed an ogre
  2782 | D:4      | You fall into a shaft and drop 2 floors!
  2834 | D:6      | Reached XP level 7. HP: 39/55 MP: 7/7
  2909 | D:6      | Found Cydgh's Distillery.
  2939 | D:6      | Noticed a water moccasin
  2945 | D:6      | Killed a water moccasin
  2946 | D:6      | Reached skill level 5 in Staves
  2985 | D:6      | Found a staircase to the Ecumenical Temple.
  2989 | D:6      | Noticed Eustachio
  2992 | Temple   | Entered the Ecumenical Temple
  3011 | Temple   | Became a worshipper of the Wu Jian Council
  3026 | D:6      | Killed Eustachio
  3027 | D:6      | Reached skill level 5 in Fighting
  3027 | D:6      | Reached skill level 5 in Armour
  3090 | D:6      | Reached XP level 8. HP: 59/62 MP: 8/8
  3263 | D:6      | Noticed Pikel
  3271 | D:6      | Killed Pikel
  3272 | D:6      | Reached skill level 6 in Staves
  3424 | D:6      | Found a sand-covered staircase.
  3431 | Ossuary  | Entered an ossuary
  3502 | Ossuary  | Reached XP level 9. HP: 69/69 MP: 9/9
  3606 | Ossuary  | Reached skill level 7 in Staves
  3612 | Ossuary  | Reached * piety under Wu Jian
  3877 | D:5      | Entered Level 5 of the Dungeon
  3995 | D:6      | Bought a potion of degeneration for 12 gold pieces
  3997 | D:6      | Bought a potion of mutation for 96 gold pieces
  4005 | D:6      | Identified 2 scrolls of acquirement
  4007 | D:6      | Acquired 537 gold pieces
  4009 | D:6      | Acquired 939 gold pieces
  4118 | D:5      | Noticed Duvessa
  4118 | D:5      | Noticed Dowan
  4131 | D:5      | Killed Duvessa
  4140 | D:5      | Killed Dowan
  4152 | D:5      | Identified the +0 pair of gloves of a bailey {rC+}
  4268 | D:5      | Reached ** piety under Wu Jian
  4271 | D:5      | Reached skill level 8 in Staves
  4458 | D:5      | Found a radiant altar of Vehumet.
  4461 | D:5      | Found a transporter.
  4461 | D:5      | Identified the ring of Otuckyhi {Ice rCorr Str-2 Dex+7
                  | Slay+4}
  4543 | D:5      | Noticed a kobold demonologist
  4566 | D:5      | Killed a kobold demonologist
  4673 | D:5      | Found a transporter.
  4690 | D:5      | Noticed rasy's ghost (novice MiFi)
  4799 | D:5      | Killed rasy's ghost
  4800 | D:5      | Reached XP level 10. HP: 63/79 MP: 7/10
  4850 | D:5      | Reached skill level 9 in Staves
  5743 | D:7      | Reached skill level 10 in Staves
  5804 | D:7      | Found Zyatass's Book Emporium.
  5890 | D:7      | Found a blossoming altar of Fedhas.
  6088 | D:8      | Noticed an unseen horror
  6092 | D:8      | Killed an unseen horror
  6114 | D:8      | Reached *** piety under Wu Jian
  6122 | D:8      | Reached skill level 11 in Staves
  6236 | D:8      | Found Kewuiv's Antique Weapon Shop.
  6252 | D:8      | Noticed Prince Ribbit
  6256 | D:8      | Killed Prince Ribbit
  6257 | D:8      | Reached skill level 10 in Shields
  6257 | D:8      | Reached XP level 11. HP: 87/87 MP: 11/11
  6380 | D:8      | Noticed Gastronok
  6384 | D:8      | Noticed a soul eater
  6399 | D:8      | Killed Gastronok
  6400 | D:8      | Reached skill level 12 in Staves
  6450 | D:8      | Found a staircase to the Lair.
  6544 | D:8      | Found a sparkling altar of Nemelex Xobeh.
  6628 | D:8      | Found a hazy altar of Hepliaklqana.
  6683 | D:8      | Noticed Joseph
  6693 | D:8      | Killed Joseph
  6943 | Lair:1   | Entered Level 1 of the Lair of Beasts
  6951 | Lair:1   | Acquired a manual of Armour
  7075 | Lair:1   | Reached skill level 13 in Staves
  7107 | Lair:1   | Found a dark tunnel.
  7118 | Volcano  | Entered a volcano
  7643 | Lair:1   | Reached **** piety under Wu Jian
  7665 | Lair:1   | HP: 1/89 [electric eel/bolt of electricity (7)]
  7666 | Lair:1   | You fall into a shaft and drop 1 floor!
  7938 | Lair:2   | Reached skill level 10 in Armour
  7964 | Lair:1   | Reached XP level 12. HP: 84/96 MP: 10/12
  8239 | Lair:1   | Reached skill level 14 in Staves
  8827 | Lair:1   | Reached skill level 10 in Fighting
  9232 | Lair:2   | Reached skill level 15 in Staves
  9280 | Lair:2   | Noticed a seven-headed hydra
  9286 | Lair:2   | Killed a seven-headed hydra
  9355 | Lair:2   | Noticed a death yak
  9356 | Lair:2   | Noticed a death yak
  9369 | Lair:2   | Noticed a death yak
  9370 | Lair:2   | Killed a death yak
  9377 | Lair:2   | Killed a death yak
  9386 | Lair:2   | Killed a death yak
  9620 | Lair:2   | Noticed a skyshark
  9620 | Lair:2   | Noticed a skyshark
  9624 | Lair:2   | Killed a skyshark
  9629 | Lair:2   | Killed a skyshark
  9630 | Lair:2   | Reached skill level 16 in Staves
  9742 | Lair:2   | Found a staircase to the Shoals.
  9751 | Lair:2   | Reached XP level 13. HP: 104/104 MP: 13/13
 10327 | Lair:3   | Found a staircase to the Snake Pit.
 11433 | Lair:4   | Reached ***** piety under Wu Jian
 11516 | Lair:4   | Identified the ring "Cimuent" {Ice rElec rPois Str-3 Int+5}
 11749 | Lair:4   | Found a staircase to the Slime Pits.
 11829 | Lair:4   | Noticed a catoblepas
 11838 | Lair:4   | Killed a catoblepas
 11842 | Lair:4   | Reached skill level 17 in Staves
 12155 | Lair:4   | Found a viscous altar of Jiyva.
 12227 | Lair:5   | Entered Level 5 of the Lair of Beasts
 12319 | Lair:5   | Noticed Rupert
 12336 | Lair:5   | Slain by Rupert

Illustrated notes

Levels and vault maps discovered:
D:1:      matt_arrival_diagonals, layout_basic
D:2:      layout_loops_corners, basic_altar, uniq_robin
D:3:      layout_basic, mainiacjoe_overflow_chevrons,
          mainiacjoe_overflow_cross_hatched,
          hellmonk_ecumenical_altar_leap_of_faith, st_stairs_9, minmay_between,
          uniq_crazy_yiuf_cottage
D:4:      layout_loops_ring, nicolae_stop_n_shop_2, st_stairs_4,
          kennysheep_small_spiral
D:5:      minmay_chambers_of_fours, layout_cave_pools, fiery_altar_vehumet,
          gammafunk_ghost_gnarly_gnolls, grunt_ministairs_9, uniq_duvessa
D:6:      layout_loops_ring, temple_statues, nicolae_ossuary_entry_monument,
          serial_shops, shop, minivault_11, uniq_eustachio, uniq_pikel
D:7:      layout_cave_pools, lemuel_tele_altar, serial_shops, shop
D:8:      layout_basic, worldfamousw_hep_ancestral_shrine,
          mainiacjoe_overflow_boulevard, lair_entry_dummy, serial_shops,
          nicolae_shop_trees, uniq_gastronok, uniq_joseph, uniq_prince_ribbit1
Temple:   eino_wide_crystal_templ
Lair:1:   layout_gridlike, enter_volcano_2, nicolae_quartered_pool_super
Lair:2:   layout_chaotic_city, minmay_shoals_entry_hut, st_stairs_12,
          grunt_forest_large_clearing_hut
Lair:3:   layout_cave_pods, nicolae_snake_entry_warm_welcome,
          dreamdust_gnoll_shepherd, grunt_megastairs_4,
          infiniplex_staircase_pool_2
Lair:4:   layout_cellular_growth, slime_entry_1, minmay_shattered_shrine,
          lemuel_fruit_tree
Lair:5:   hellmonk_lair_end_abyssal_woods, layout_regular_city, uniq_rupert

Skill      XL: |  1  2  3  4  5  6  7  8  9 10 11 12 13 |
---------------+----------------------------------------+-----
Staves         | 3 4 5 6 8 11 13 16 17 | 17.2
Armour         | 4 5 6 7 8 10 12 13 | 13.9
Fighting       | 4 5 6 7 8 9 10 11 | 11.8
Shields        | 5 6 7 8 10 11 12 13 | 13.8

Action                     |  1- 3 |  4- 6 |  7- 9 | 10-12 | 13-15 || total
---------------------------+-------+-------+-------+-------+-------++-------
  Melee: Quarterstaff      |    84 |    75 |   187 |   398 |   208 ||   952
 Invoke: Serpent's Lash    |       |       |       |       |     1 ||     1
Ability: Dig               |     1 |       |       |       |       ||     1
         Lunge             |       |       |     6 |    23 |    19 ||    48
         Whirlwind         |       |       |     2 |    46 |    65 ||   113
         Shaft Self        |       |       |       |     1 |       ||     1
    Use: Scroll            |       |     4 |     7 |     6 |       ||    17
         Potion            |       |     2 |       |     4 |       ||     6
 Armour: Scale mail        |    39 |    18 |    59 |    86 |    21 ||   223
  Dodge: Dodged            |    33 |    14 |    26 |    79 |    18 ||   170
  Block: Buckler           |    16 |       |       |       |       ||    16
         Tower shield      |    23 |   103 |   249 |   466 |   182 ||  1023
